 Dungeon Crawl Stone Soup version 0.30-b1-2-g02819fbbbe (webtiles) character file.

Game seed: 7894674874148400342

610578 LLlMATKO the Invulnerable (level 26, -2/396 HPs)
             Began as a Minotaur Berserker on Oct 11, 2023.
             Was a High Priest of Trog.
             Succumbed to Tiamat's poison
             ... on level 1 of the Realm of Zot on Oct 12, 2023.
             The game lasted 02:07:28 (76091 turns).

LLlMATKO the Invulnerable (Minotaur Berserker)     Turns: 76091, Time: 02:07:29

Health: -2/396     AC: 28    Str: 30    XL:     26   Next: 23%
Magic:  2/19       EV: 16    Int:  4    God:    Trog [*****.]
Gold:   6842       SH: 24    Dex: 11    Spells: 25/25 levels left

rFire   + + .        w - +3 broad axe (heavy)
rCold   + + +        T - +1 tower shield {reflect}
rNeg    + . .        F - +0 gold dragon scales of Vinty {Contam rElec rPois rF+ rC+ SInv Stlth+}
rPois   +            S - -1 hat "Daprakid" {Rampage rN+ Dex+3}
rElec   +            A - scarf {repulsion}
rCorr   .            K - +2 pair of gloves
SInv    +            P - +0 pair of boots
Will    ++...        m - amulet of guardian spirit Stlth
                     D - ring of willpower
HPRegen 0.86/turn    M - ring of Bycuitz {rPois rC+ Slay+3}
MPRegen 0.16/turn

%: repel missiles, reflection, guardian spirit, rampage
@: berserking (expiring), lethally poisoned (-2 -> -18), corroded, studying 4
skills, very quick
A: horns 2, retaliatory headbutt, talons 1, clumsy 2, cold resistance 1, fire
resistance 1, low MP 1, weak 1
}: 4/15 runes: serpentine, barnacled, silver, abyssal
a: Renounce Religion, Berserk, Trog's Hand, Brothers in Arms


You were on level 1 of the Realm of Zot.
You worshipped Trog.
Trog was extremely pleased with you.
You visited 14 branches of the dungeon, and saw 50 of its levels.
You visited the Abyss 3 times.
You also visited: Trove, Ossuary, Gauntlet and Wizlab.

You collected 7782 gold pieces.
You spent 940 gold pieces at shops.

Inventory:

Hand Weapons
 q - the +8 hand crossbow "Xucova" {flame, rPois rC+ Will+}
   (You acquired it on level 1 of the Vaults)

   rC:        It protects you from cold.
   rPois:     It protects you from poison.
   Will:      It increases your willpower.
 t - the +8 sling of Pestilence {antimagic, +Blink}
   (You bought it in a shop on level 2 of the Orcish Mines)

   +Blink:    It lets you blink.
 w - a +3 heavy broad axe (weapon)
 U - the +7 mace of Xomp {heavy, rPois Str+5 Int+2 Dex-2}
   (You took it off a minotaur in a Gauntlet)

   Str:       It affects your strength (+5).
   Int:       It affects your intelligence (+2).
   Dex:       It affects your dexterity (-2).
   rPois:     It protects you from poison.
Missiles
 x - 4 throwing nets (quivered)
Armour
 a - a +2 cloak of preservation
 A - a scarf of repulsion (worn)
 F - the +0 gold dragon scales of Vinty (worn) {Contam rElec rPois rF+ rC+ SInv Stlth+}
   (You took it off a deep elf blademaster on level 3 of the Elven Halls)

   rF:        It protects you from fire.
   rC:        It protects you from cold.
   rElec:     It insulates you from electricity.
   rPois:     It protects you from poison.
   SInv:      It lets you see invisible.
   Contam:    It causes magical contamination when unequipped.
   Stlth:     It makes you more stealthy.
 K - a +2 pair of gloves (worn)
 P - a +0 pair of boots (worn)
 Q - the +15 crystal plate armour of the Barracuda {rPois Will- Str+7 Slay+3}
   (You acquired it on level 4 of the Lair of Beasts)

   Str:       It affects your strength (+7).
   Slay:      It affects your accuracy & damage with ranged weapons and melee
   (+3).
   rPois:     It protects you from poison.
   Will:      It decreases your willpower.
 S - the -1 hat "Daprakid" (worn) {Rampage rN+ Dex+3}
   (You found it on level 2 of the Depths)

   Dex:       It affects your dexterity (+3).
   rN:        It protects you from negative energy.
   Rampage:   It bestows one free step when moving towards enemies.
 T - a +1 tower shield of reflection (worn)
Jewellery
 m - an amulet of guardian spirit (around neck)
 D - a ring of willpower (left hand)
 M - the ring of Bycuitz (right hand) {rPois rC+ Slay+3}
   (You found it in a wizard's laboratory)

   [ring of protection from cold]

   Slay:      It affects your accuracy & damage with ranged weapons and melee
   (+3).
   rC:        It protects you from cold.
   rPois:     It protects you from poison.
 O - a ring of willpower
 R - a ring of see invisible
 V - a ring of flight
 W - a ring of ice
Wands
 h - a wand of quicksilver (27)
 r - a wand of digging (6)
 z - a wand of iceblast (52)
 B - a wand of mindburst (40)
 H - a wand of paralysis (38)
 I - a wand of polymorph (20)
 X - a wand of flame (81)
Scrolls
 b - 15 scrolls of enchant armour
 c - 24 scrolls of teleportation
 d - 12 scrolls of immolation
 f - 41 scrolls of identify
 i - 8 scrolls of fog
 k - 8 scrolls of brand weapon
 o - 8 scrolls of vulnerability
 s - 3 scrolls of magic mapping
 u - 5 scrolls of torment
 y - 9 scrolls of poison
 C - 5 scrolls of enchant weapon
 E - 8 scrolls of noise
 G - 6 scrolls of fear
 J - 6 scrolls of blinking
 N - 5 scrolls of silence
Potions
 e - 3 potions of resistance
 g - 17 potions of curing
 j - 13 potions of flight
 l - 3 potions of mutation
 n - 15 potions of might
 p - 4 potions of invisibility
 v - 9 potions of haste
 L - 2 potions of magic {unknown}
 Y - 11 potions of heal wounds
 Z - 5 potions of cancellation


   Skills:
 + Level 26.8 Fighting
 + Level 25.0 Axes
 - Level 22.0 Ranged Weapons
 O Level 27 Armour
 + Level 26.7 Dodging
 + Level 25.1 Shields


You had 25 spell levels left.
You didn't know any spells.
Your spell library was empty.

Dungeon Overview and Level Annotations

Branches:
Dungeon (15/15)            Temple (1/1) D:7            Lair (5/5) D:11
 Shoals (4/4) Lair:2        Snake (4/4) Lair:3        Slime (1/5) Lair:4
    Orc (2/2) D:12            Elf (3/3) Orc:2        Vaults (5/5) D:14
  Crypt (3/3) Vaults:3       Tomb (1/3) Crypt:3      Depths (4/4) D:15
   Hell (visited)             Dis (0/7) Hell            Geh (0/7) Hell
    Coc (0/7) Hell            Tar (0/7) Hell            Zot (1/5) Depths:4
Ossuary (visited)          WizLab (visited)         Gauntlet (visited)

Altars:
Ashenzari
Cheibriados
Dithmenos
Elyvilon
Fedhas
Gozag
Hepliaklqana
Kikubaaqudgha
Makhleb
Nemelex Xobeh
Okawaru
Qazlal
Ru
Sif Muna
Trog
Uskayaw
Vehumet
Wu Jian
Xom
Yredelemnul
Zin
The Shining One
Jiyva

Shops:
D:8 :   Orc:1 ?   Orc:2 ***(   Elf:3 =   Shoals:3 *([*   Snake:3 !   Vaults:3 ?
Depths:1 [[(   Depths:3 ?

Portals:
Hell: Depths:1 Depths:2 Depths:3 Depths:4
Abyss: Depths:1 Depths:3 Depths:4
Pandemonium: Depths:2 Depths:3 Depths:4
Ziggurat: Depths:1

Annotations:
D:5 2 runed translucent doors, diceflayer's ghost, novice MiFi
Zot:1 Tiamat


Innate Abilities, Weirdness & Mutations

You have a pair of horns on your head.
You reflexively headbutt those who attack you in melee.
You have sharp toenails.
You are very clumsy. (Dex -4)
Your flesh is cold resistant. (rC+)
Your flesh is heat resistant. (rF+)
Your magical capacity is low. (-10% MP)
You are weak. (Str -2)


Message History

You block the purple draconian's attack.
You block Tiamat's attack. x2
The purple draconian shifter casts a spell.
The purple draconian shifter blinks!
The green draconian monk closely misses you.
The green draconian monk kicks you but does no damage.
The green draconian monk tail-slaps you.
* * * LOW HITPOINT WARNING * * *
The green draconian monk tail-slaps you but does no damage.
The white draconian misses you.
You open the purple draconian like a pillowcase!!!!
The purple draconian is severely wounded.
You slice the green draconian monk!!
You kill the green draconian monk!
Trog accepts your kill.
You miss the green draconian monk.
You carve the red draconian like a ham!!!
You open the white draconian like a pillowcase!!!
You cut Tiamat into ribbons!!!
You feel very sick. The purple draconian barely misses you.
You furiously retaliate!
You headbutt the purple draconian!
Tiamat hits you with a +1 glaive of venom!
* * * LOW HITPOINT WARNING * * *
You block Tiamat's attack.
You block the green draconian monk's attack.
The green draconian monk kicks you but does no damage.
You block the green draconian monk's attack.
The green draconian monk tail-slaps you but does no damage.
The white draconian splashes around in the water.
The red draconian hits you with a +0 dire flail.
* * * LOW HITPOINT WARNING * * *
You carve the purple draconian like a ham!!!
You kill the purple draconian!
Trog accepts your kill.
You hit the green draconian monk but do no damage.
You slice the red draconian!!
You open the white draconian like a pillowcase!!!
You closely miss Tiamat.
You die...

#.......# ###+##
#.⌠.....#......#
#.....^.#.#.##.#
#.~~~~~.#.#.##.#
#.~≈~≈~.#.#.##.#########
#.~≈≈~~.#.#.##.#........
#.~≈≈≈~.#.#....'........
#.~~~~d[#†#.##.#........
#.~~~qd@q.§.##.#........
#.~~~~d)#†####.#........
#.~~~~~y#.# #.#........
#...q~~.#.# #.#....)...
#.......#'# #.#........
#.......... #⌠########'
#.......... ##.
#.......(..# .#####..
....# ........


You could see Tiamat (berserk), a green draconian monk (berserk), a red
draconian (berserk), a white draconian (berserk), 2 draconians and a moth of
wrath.

Vanquished Creatures
  3 dread liches
  An ancient lich (Vaults:4)
  2 juggernauts
  2 royal mummies (Tomb:1)
  Sojobo (Vaults:4)
  Vv (Zot:1)
  Geryon (Hell)
  2 curse toes (Crypt:3)
  5 golden dragons
  A caustic shrike (Depths:2)
  Hellbinder (WizLab)
  A bone dragon (Depths:4)
  A hellephant (Hell)
  7 tentacled monstrosities
  Jorgrun (Shoals:2)
  A walking crystal tome (Depths:2)
  15 liches
  A tainted leviathan (Hell)
  A walking frostbound tome (Depths:3)
  2 deep elf master archers (Elf:3)
  2 quicksilver dragons
  A walking divine tome (Depths:3)
  2 deep elf blademasters (Elf:3)
  3 titans
  7 tentacled starspawn
  A kraken (Shoals:2)
  12 sphinxes
  6 ancient champions
  4 storm dragons
  Kirke (Snake:1)
  A death cob (Zot:1)
  11 tengu reavers
  7 fire giants
  Gastronok (Lair:1)
  9 shadow dragons
  5 revenants
  A draconian monk (Zot:1)
  Roxanne (Elf:3)
  13 nagarajas (Snake:4)
  A rockslime (Slime:1)
  A draconian knight (Zot:1)
  9 frost giants
  9 deep elf sorcerers
  4 spectral caustic shrikes (Depths:4)
  17 vault wardens
  2 cacodemons
  4 balrugs
  A draconian stormcaller (Depths:4)
  2 angels
  A curse skull (Crypt:1)
  A spriggan defender (Depths:4)
  An orc warlord (Vaults:4)
  14 ghouls
  A quicksilver ooze (Slime:1)
  31 very ugly things
  6 deep elf elementalists (Elf:3)
  3 war gargoyles
  9 ironbound thunderhulks
  17 stone giants
  5 reapers (Hell)
  A deep elf demonologist (Vaults:5)
  18 ironbound preservers
  3 green draconians
  2 ophanim (Abyss:4)
  2 black draconians (Depths:4)
  6 vampire knights
  4 spark wasps
  2 white draconians (Depths:4)
  6 putrid mouths
  4 deep elf annihilators (Elf:3)
  A red draconian (Zot:1)
  2 bennus (Tomb:1)
  5 purple draconians
  A minotaur (Gauntlet)
  12 dire elephants
  A yellow draconian (Zot:1)
  4 blizzard demons
  4 deep elf death magi
  2 deep elf high priests
  4 merfolk javelineers
  4 mummy priests
  16 ettins
  A green death (Abyss:3)
  6 eidola
  13 jiangshi
  14 fire dragons
  A crystal guardian (Vaults:1)
  Josephine (Shoals:1)
  6 great orbs of eyes
  Fannar (Lair:1)
  An entropy weaver (Vaults:3)
  5 merfolk impalers
  11 yaktaur captains
  3 rakshasas
  5 hydras
  33 vault guards
  3 peacekeepers
  7 ice dragons
  A quicksilver dragon skeleton (Crypt:1)
  2 salamander tyrants (Snake:4)
  3 hell beasts
  6 ogre magi
  2 catoblepae
  15 centaur warriors
  10 anacondas
  4 merfolk avatars
  19 two-headed ogres
  6 ironbound frosthearts
  2 alligator snapping turtles
  4 satyrs
  A fenstrider witch skeleton (Crypt:1)
  10 deep troll shamans
  13 naga warriors
  33 dancing weapons
  4 boulder beetles
  7 tengu warriors
  5 spriggan air magi
  5 death knights
  6 merfolk aquamancers
  10 vampire magi
  15 deep troll earth magi
  12 hell hogs
  6 death yaks (Lair:5)
  4 thrashing horrors
  3 orc high priests
  Urug (Lair:5)
  13 naga sharpshooters
  2 titan zombies
  4 spriggan berserkers
  6 soul eaters
  2 shock serpents
  5 wretched stars
  12 hell knights
  Nergalle (Lair:2)
  14 sun demons
  7 skysharks
  A fire crab (Gauntlet)
  13 iron trolls
  A titan skeleton (Vaults:2)
  10 skeletal warriors
  A storm dragon zombie (Crypt:1)
  20 deep elf knights
  3 sixfirhies
  A bunyip zombie (Crypt:2)
  3 salamander mystics
  9 sea snakes
  2 cherubim (Abyss:4)
  A shadow wraith (Crypt:2)
  50 deep trolls
  2 glowing orange brains
  2 shadow demons
  26 ironbound convokers
  8 naga ritualists
  3 flayed ghosts
  12 necromancers
  15 deep elf archers
  10 wizards
  A spriggan simulacrum (Hell)
  Pikel (D:7)
  9 lindwurms
  16 harpies
  6 phantasmal warriors
  2 tengu zombies
  A bog body (Crypt:2)
  A steelbarb worm (shapeshifter) (Vaults:5)
  4 orc knights
  36 deep elf pyromancers
  A stone giant zombie (Vaults:2)
  6 mana vipers
  12 cyclopes
  27 deep elf zephyrmancers
  14 fauns
  2 fire giant zombies (D:15)
  A jorogumo skeleton (Crypt:2)
  4 worldbinders
  2 tengu skeletons
  2 human zombies
  55 ugly things
  7 moths of wrath (Zot:1)
  2 orc sorcerers
  10 salamanders
  10 elephants (Lair:5)
  2 shining eyes (Slime:1)
  8 guardian serpents
  22 manticores
  26 black mambas
  3 stone giant skeletons
  21 vault sentinels
  7 merfolk sirens
  A goliath frog skeleton (Crypt:1)
  A black mamba (shapeshifter) (Depths:3)
  A fire giant skeleton (Vaults:2)
  A demonic crawler (Abyss:3)
  A water nymph (shapeshifter) (Elf:1)
  6 eyes of devastation (Slime:1)
  14 naga magi
  8 water nymphs
  7 rust devils
  2 orange demons
  3 molten gargoyles (Hell)
  Maggie (D:7)
  5 cane toads
  15 smoke demons
  An orb spider zombie (Crypt:2)
  A rime drake (Lair:5)
  2 rime drakes (shapeshifter)
  A yellow draconian zombie (Crypt:3)
  9 komodo dragons
  A bunyip simulacrum (Crypt:2)
  2 kobold demonologists (D:10)
  A minotaur zombie (Tomb:1)
  9 freezing wraiths
  18 yaktaurs
  A yaktaur skeleton (Vaults:2)
  A red draconian zombie (Crypt:1)
  An alligator snapping turtle skeleton (Crypt:3)
  20 guardian mummies
  7 tengu conjurers
  A tormentor (WizLab)
  6 ice devils
  4 red devils
  A grey draconian skeleton (Crypt:3)
  4 polar bears
  6 ancient zymes
  12 trolls
  A harpy zombie (Crypt:2)
  26 merfolk
  A queen bee (Lair:3)
  Grinder (D:6)
  A hornet (shapeshifter) (D:15)
  10 hornets
  A jumping spider zombie (Crypt:3)
  4 wind drakes
  5 hellwings
  18 blink frogs
  A blink frog (shapeshifter) (Depths:2)
  A deep troll zombie (Vaults:4)
  7 raiju
  21 dream sheep
  4 spriggan zombies
  A fire dragon zombie (Crypt:3)
  A black mamba zombie (Tomb:1)
  39 slime creatures
  8 snapping turtles
  17 flying skulls
  A wyvern (D:11)
  16 water elementals
  3 air elementals
  2 centaur simulacra
  5 spriggans
  6 fire bats (Gauntlet)
  2 dire elephant simulacra
  11 large abominations
  2 ettin skeletons
  3 ynoxinuls
  An elf zombie (Vaults:4)
  2 ushabtiu (Tomb:1)
  20 wraiths
  4 shadows
  28 yaks
  21 starcursed masses
  6 humans (D:14)
  2 black mamba skeletons (Crypt:3)
  4 golden eyes (Slime:1)
  5 basilisks
  7 chaos spawn
  3 fire elementals
  A hog (Snake:1)
  10 vampire mosquitoes
  6 neqoxecs
  A naga zombie (Crypt:1)
  A redback simulacrum (D:15)
  3 wargs
  7 small abominations
  39 nagas
  An entropy weaver zombie (Crypt:3)
  A harpy simulacrum (Abyss:3)
  2 acid dragons
  A faun zombie (Crypt:3)
  3 hell hounds (Gauntlet)
  11 water moccasins
  4 floating eyes
  A floating eye (shapeshifter) (Vaults:5)
  A glowing shapeshifter skeleton (Vaults:4)
  21 orc warriors
  2 black bears
  3 sky beasts
  An ice beast (D:8)
  An elf simulacrum (Vaults:2)
  A merfolk simulacrum (Hell)
  A blink frog zombie (Crypt:2)
  A deep troll simulacrum (Vaults:2)
  6 boggarts
  3 human skeletons
  41 ogres
  11 wolves
  An ogre (shapeshifter) (Vaults:4)
  14 centaurs
  A dream sheep skeleton (Crypt:2)
  4 lemures (D:7)
  8 kobold brigands
  7 bullfrogs
  A naga simulacrum (Hell)
  5 necrophages
  Blork the orc (D:6)
  3 earth elementals
  4 gnoll sergeants
  4 scorpions
  4 wights (D:6)
  29 killer bees
  5 electric eels
  2 vampire bats (Lair:1)
  4 howler monkeys
  A shapeshifter skeleton (Crypt:2)
  A black bear zombie (Crypt:2)
  2 bullfrog zombies
  5 jellies
  2 human simulacra
  A bullfrog skeleton (Crypt:3)
  4 gnoll boudas
  9 orc priests
  5 hounds
  A sleepcap (D:5)
  Crazy Yiuf (D:7)
  3 iron imps
  A black bear skeleton (Crypt:2)
  5 iguanas
  18 orc wizards
  An ogre zombie (Crypt:3)
  25 mummies
  9 adders
  29 gnolls
  A steam dragon skeleton (Crypt:1)
  4 white imps
  5 ufetubi
  A lava snake skeleton (Crypt:2)
  2 worms
  2 dart slugs
  67 orcs
  5 ball pythons
  8 bats
  8 endoplasms
  4 giant cockroaches (D:2)
  2 gnoll zombies (Ossuary)
  5 goblins
  7 hobgoblins
  2 jackals (D:4)
  6 quokkas
  A river rat zombie (Crypt:1)
  A ball python skeleton (Crypt:1)
  A frilled lizard (D:3)
  A jackal skeleton (Crypt:1)
  18 kobolds
  A kobold skeleton (Crypt:3)
  3 kobold zombies (Ossuary)
  3 orc zombies (Ossuary)
  5 rats
  6 starspawn tentacles
  4 tentacles (Shoals:2)
2356 creatures vanquished.

Vanquished Creatures (collateral kills)
  Mara (Vaults:4)
  Bai Suzhen (Crypt:2)
  A deep elf blademaster (Elf:3)
  A tentacled starspawn (Abyss:4)
  A deep elf sorcerer (Elf:3)
  A frost giant (Shoals:3)
  An ironbound preserver (Vaults:4)
  A deep elf demonologist (Elf:3)
  A deep elf high priest (Elf:3)
  An anaconda (Snake:4)
  A salamander tyrant (Snake:2)
  2 dancing weapons (Elf:2)
  A merfolk avatar (Shoals:3)
  2 naga warriors (Snake:1)
  2 thrashing horrors (Abyss:4)
  A vampire mage (Abyss:4)
  2 deep elf knights (Elf:2)
  A sea snake (Shoals:3)
  A deep elf pyromancer (Elf:2)
  A deep elf zephyrmancer (Elf:3)
  4 cyclopes (Shoals:3)
  A guardian serpent (Abyss:4)
  A naga mage (Snake:1)
  A naga skeleton (Crypt:1)
  A guardian mummy (Tomb:1)
  2 merfolk (Shoals:3)
  2 humans (D:14)
  A basilisk (Lair:3)
  A starcursed mass (Abyss:4)
  2 large abominations (Abyss:4)
  An ogre (Orc:2)
  A killer bee (Lair:3)
  3 orcs (Orc:2)
  2 starspawn tentacles (Abyss:4)
47 creatures vanquished.

Vanquished Creatures (others)
  A demonspawn blood saint (WizLab)
  A deep elf demonologist (Vaults:1)
  A rakshasa (Depths:1)
  A merfolk aquamancer (Shoals:4)
  A deep elf knight (Elf:2)
  A freezing wraith (Vaults:5)
  3 humans
  2 nagas (Snake:4)
  A kobold brigand (D:9)
  51 fungi
  2 lurking horrors
  160 plants
  19 starspawn tentacles
  4 tentacles (Shoals:2)
  3 withered plants (D:15)
251 creatures vanquished.

Grand Total: 2654 creatures vanquished

Notes
Turn   | Place    | Note
-------+----------+-------------------------------------------
     0 | D:1      | LLlMATKO the Minotaur Berserker began the quest for the
                  | Orb.
     0 | D:1      | Reached XP level 1. HP: 19/19 MP: 0/0
   299 | D:1      | Reached XP level 2. HP: 25/27 MP: 1/1
   707 | D:2      | Found a faded altar of an unknown god.
   764 | D:2      | Reached skill level 3 in Armour
   764 | D:2      | Reached XP level 3. HP: 33/33 MP: 2/2
  1473 | D:3      | Reached XP level 4. HP: 39/41 MP: 3/3
  1637 | D:3      | Found a shimmering blue altar of Sif Muna.
  1648 | D:3      | Reached ** piety under Trog
  1656 | D:3      | Reached XP level 5. HP: 45/47 MP: 4/4
  1941 | D:3      | Reached skill level 4 in Armour
  2257 | D:4      | Found a sand-covered staircase.
  2262 | Ossuary  | Entered an ossuary
  2288 | Ossuary  | Reached skill level 5 in Fighting
  2288 | Ossuary  | Reached skill level 5 in Axes
  2390 | Ossuary  | Reached XP level 6. HP: 48/56 MP: 3/5
  3092 | D:4      | Reached skill level 5 in Armour
  3092 | D:4      | Reached XP level 7. HP: 62/62 MP: 6/6
  3344 | D:5      | Entered Level 5 of the Dungeon
  3731 | D:5      | Reached skill level 5 in Dodging
  3854 | D:5      | Found a runed translucent door.
  3859 | D:5      | Noticed diceflayer's ghost (novice MiFi)
  3874 | D:5      | Reached *** piety under Trog
  4003 | D:5      | Found a runed translucent door.
  5092 | D:6      | Reached skill level 6 in Armour
  5092 | D:6      | Reached XP level 8. HP: 49/71 MP: 5/7
  5710 | D:6      | Reached skill level 7 in Armour
  5774 | D:6      | Noticed Grinder
  5782 | D:6      | Killed Grinder
  5867 | D:6      | Noticed Blork the orc
  5872 | D:6      | Killed Blork the orc
  5894 | D:6      | Reached XP level 9. HP: 81/81 MP: 8/8
  6633 | D:7      | Reached skill level 8 in Armour
  6771 | D:7      | Noticed Pikel
  6782 | D:7      | Killed Pikel
  6875 | D:7      | Noticed Maggie
  6884 | D:7      | Killed Maggie
  7103 | D:7      | Found a runed translucent door.
  7104 | D:7      | Noticed Crazy Yiuf
  7204 | D:7      | Found a staircase to the Ecumenical Temple.
  7285 | D:7      | Killed Crazy Yiuf
  7420 | D:8      | Reached skill level 9 in Armour
  7420 | D:8      | Reached XP level 10. HP: 81/91 MP: 7/9
  7652 | D:8      | Reached **** piety under Trog
  7664 | D:8      | HP: 2/138 [yak (5)]
  7928 | D:8      | Reached skill level 10 in Fighting
  7928 | D:8      | Reached skill level 10 in Axes
  7968 | D:8      | Noticed a cyclops
  7975 | D:8      | Killed a cyclops
  8174 | D:8      | Found Fyphexe's Tremendous Tomes.
  8213 | D:8      | Found a stormy altar of Qazlal.
  8564 | D:9      | Found a shadowy altar of Dithmenos.
  8903 | D:9      | Found an opulent altar of Gozag.
  8924 | D:9      | Reached skill level 10 in Armour
  8989 | D:9      | You fall into a shaft and drop 3 floors!
  9056 | D:11     | Noticed a manticore
  9060 | D:11     | Noticed a six-headed hydra
  9061 | D:11     | Noticed a deep elf pyromancer
  9062 | D:11     | Noticed a two-headed ogre
  9068 | D:11     | Noticed a cyclops
  9085 | D:11     | Found a staircase to the Lair.
  9167 | D:10     | Entered Level 10 of the Dungeon
  9175 | D:10     | Noticed a soul eater
  9241 | D:10     | Reached XP level 11. HP: 92/101 MP: 8/10
  9488 | D:9      | Identified the +5 quarterstaff of Oguruzarr {antimagic,
                  | Str+4 Int-5}
  9786 | D:10     | Reached skill level 10 in Dodging
  9928 | D:10     | Noticed a two-headed ogre
  9940 | D:10     | Killed a two-headed ogre
  9941 | D:10     | Reached skill level 11 in Armour
 10590 | D:11     | Reached skill level 1 in Shields
 10620 | D:11     | Killed a two-headed ogre
 10939 | D:11     | Killed a six-headed hydra
 11239 | D:11     | Killed a deep elf pyromancer
 11263 | D:11     | Reached XP level 12. HP: 94/112 MP: 8/11
 11339 | D:11     | Found a staircase to the Lair.
 12105 | D:12     | Noticed a boulder beetle
 12115 | D:12     | Killed a boulder beetle
 12359 | D:12     | Found a staircase to the Orcish Mines.
 12379 | D:12     | Reached skill level 12 in Armour
 12582 | D:12     | Noticed a boulder beetle
 12597 | D:12     | Killed a boulder beetle
 13024 | D:13     | Reached skill level 5 in Shields
 13187 | D:13     | Noticed a centaur warrior
 13201 | D:13     | Killed a centaur warrior
 13532 | D:13     | Noticed a centaur warrior
 13545 | D:13     | Killed a centaur warrior
 14009 | D:14     | Noticed a centaur warrior
 14009 | D:14     | Noticed a six-headed hydra
 14010 | D:14     | Noticed a centaur warrior
 14010 | D:14     | Noticed a centaur warrior
 14168 | D:13     | Killed a six-headed hydra
 14332 | D:14     | Killed a centaur warrior
 14337 | D:14     | Killed a centaur warrior
 14340 | D:14     | Killed a centaur warrior
 14771 | D:14     | Noticed an eight-headed hydra
 14849 | D:14     | Reached skill level 13 in Armour
 14856 | D:14     | Reached XP level 13. HP: 84/122 MP: 7/12
 15922 | D:14     | Found a gate to the Vaults.
 15934 | D:14     | Identified the +0 glaive of Irghimeid {freeze, Int+3 Dex+6}
 16049 | Lair:1   | Entered Level 1 of the Lair of Beasts
 16166 | Lair:1   | Noticed Fannar
 16189 | Lair:1   | Killed Fannar
 16298 | Lair:1   | Noticed Gastronok
 16309 | Lair:1   | Killed Gastronok
 17012 | Lair:2   | Found a gate leading to a gauntlet.
 17020 | Gauntlet | Entered a Gauntlet
 17020 | Gauntlet | Found a transporter.
 17029 | Gauntlet | Found a transporter.
 17031 | Gauntlet | Found a transporter.
 17034 | Gauntlet | Found a transporter.
 17034 | Gauntlet | Found a transporter.
 17035 | Gauntlet | Found a transporter.
 17038 | Gauntlet | Noticed a blizzard demon
 17039 | Gauntlet | Found a runed translucent door.
 17041 | Gauntlet | Found a runed translucent door.
 17043 | Gauntlet | Found a transporter.
 17046 | Gauntlet | Found a transporter.
 17063 | Gauntlet | Found a transporter.
 17072 | Gauntlet | Found a transporter.
 17072 | Gauntlet | Found a transporter.
 17072 | Gauntlet | Noticed a green death
 17109 | Gauntlet | Found a transporter.
 17416 | Gauntlet | Identified the amulet of Luocurgh {RegenMP rC+ Str-5 Dex+2}
 17461 | Gauntlet | Killed a blizzard demon
 17468 | Gauntlet | Identified the ring of Isyopn {rCorr Dex+3}
 17561 | Gauntlet | Identified the +7 mace of Xomp {heavy, rPois Str+5 Int+2
                  | Dex-2}
 17561 | Gauntlet | Noticed a minotaur
 17579 | Gauntlet | Killed a minotaur
 17721 | Lair:2   | Found a staircase to the Shoals.
 18405 | Lair:2   | Noticed Nergalle
 18418 | Lair:2   | Killed Nergalle
 18619 | Lair:3   | Found a staircase to the Snake Pit.
 18810 | Lair:3   | Reached skill level 14 in Armour
 19676 | Lair:4   | Identified a scroll of acquirement
 19676 | Lair:4   | Acquired the +15 crystal plate armour of the Barracuda
                  | {rPois Will- Str+7 Slay+3}
 19716 | Lair:4   | Reached XP level 14. HP: 133/133 MP: 13/13
 20081 | Lair:4   | Found a viscous altar of Jiyva.
 20083 | Lair:4   | Found a staircase to the Slime Pits.
 20784 | Lair:5   | Entered Level 5 of the Lair of Beasts
 20905 | Lair:5   | Noticed Urug
 20915 | Lair:5   | Killed Urug
 21319 | Lair:5   | Reached skill level 10 in Shields
 21569 | Lair:5   | Reached ***** piety under Trog
 21570 | Lair:5   | Reached skill level 15 in Fighting
 21574 | Lair:5   | Reached skill level 15 in Axes
 21840 | Lair:5   | Reached skill level 15 in Armour
 22154 | Orc:1    | Entered Level 1 of the Orcish Mines
 22250 | Orc:1    | Received a gift from Trog
 22401 | Orc:1    | Found Vurofr Pudeo's Magic Scroll Emporium.
 22465 | Orc:2    | Entered Level 2 of the Orcish Mines
 22494 | Orc:2    | Found a staircase to the Elven Halls.
 22512 | Orc:2    | Paralysed by an ogre mage for 4 turns
 22528 | Orc:2    | Paralysed by an orc sorcerer for 5 turns
 22716 | Orc:2    | Reached XP level 15. HP: 141/141 MP: 12/14
 22883 | Orc:2    | Found Jubou's General Store.
 22884 | Orc:2    | Found Wepeamei's General Store.
 22884 | Orc:2    | Found Fazeit's General Store.
 22884 | Orc:2    | Found Zifav's Antique Weapon Shoppe.
 22893 | Orc:2    | Bought the +8 sling of Pestilence {antimagic, +Blink} for
                  | 760 gold pieces
 23599 | D:15     | Entered Level 15 of the Dungeon
 23708 | D:15     | Reached skill level 1 in Ranged Weapons
 23736 | D:15     | Received a gift from Trog
 23907 | D:15     | Reached skill level 5 in Ranged Weapons
 24256 | D:15     | Identified the +2 buckler of a ziggurat {rC+ rCorr Str+3
                  | Int+3}
 24287 | D:15     | Found a staircase to the Depths.
 25019 | Snake:1  | Entered Level 1 of the Snake Pit
 25251 | Snake:1  | Noticed Kirke
 25255 | Snake:1  | Killed Kirke
 25411 | Snake:1  | Reached skill level 10 in Ranged Weapons
 25972 | Snake:2  | Reached XP level 16. HP: 151/151 MP: 11/15
 26344 | Snake:2  | Received a gift from Trog
 26845 | Snake:3  | Found Fynnee's Distillery.
 27450 | Snake:3  | Identified the +1 leather armour "Utuun" {rPois rCorr
                  | Str+2}
 27606 | Snake:4  | Entered Level 4 of the Snake Pit
 27611 | Snake:4  | Acquired a manual of Armour
 27613 | Snake:4  | Acquired a manual of Ranged Weapons
 27834 | Snake:4  | Reached skill level 16 in Armour
 28609 | Snake:4  | Received a gift from Trog
 29211 | Snake:4  | Reached skill level 15 in Ranged Weapons
 29211 | Snake:4  | Reached XP level 17. HP: 159/159 MP: 16/16
 29536 | Snake:4  | Reached skill level 15 in Dodging
 29551 | Snake:4  | Reached skill level 17 in Armour
 29562 | Snake:4  | Received a gift from Trog
 29884 | Snake:4  | Got a serpentine rune of Zot
 30589 | Elf:1    | Entered Level 1 of the Elven Halls
 30749 | Elf:1    | Found a radiant altar of Vehumet.
 31868 | Elf:1    | Reached ****** piety under Trog
 31972 | Elf:1    | Reached skill level 18 in Armour
 31987 | Abyss:2  | Cast into level 2 of the Abyss (a deep elf sorcerer)
 32085 | Abyss:2  | Found a corrupted altar of Lugonu.
 32146 | Abyss:2  | Gained mutation: Your body sometimes deteriorates upon
                  | taking damage. [a neqoxec]
 32148 | Abyss:2  | Gained mutation: You are clumsy. (Dex -2) [a neqoxec]
 32149 | Abyss:2  | Received a gift from Trog
 32198 | Abyss:2  | Found a corrupted altar of Lugonu.
 32237 | Abyss:2  | Found a corrupted altar of Lugonu.
 32435 | Elf:1    | Escaped the Abyss
 32686 | Elf:1    | Identified the +0 scale mail of the Pirate {rCorr Int+4
                  | SInv Stlth-}
 32967 | Elf:2    | Reached XP level 18. HP: 119/170 MP: 10/17
 32968 | Elf:2    | Received a gift from Trog
 33222 | Elf:2    | Found a runed translucent gate.
 33223 | Elf:2    | Found a runed translucent gate.
 33223 | Elf:2    | Found a runed translucent gate.
 33396 | Elf:2    | Paralysed by an air elemental for 1 turns
 33402 | Elf:2    | Paralysed by an air elemental for 1 turns
 33405 | Elf:2    | Paralysed by an air elemental for 1 turns
 33410 | Elf:2    | Paralysed by an air elemental for 1 turns
 34001 | Elf:2    | Reached skill level 19 in Armour
 34961 | Elf:3    | Entered Level 3 of the Elven Halls
 35039 | Elf:3    | Received a gift from Trog
 35310 | Elf:3    | Identified Roxanne's Meditations on Transmogrification
 35310 | Elf:3    | Noticed Roxanne
 35320 | Elf:3    | Killed Roxanne
 35611 | Elf:3    | Found Loac's Jewellery Boutique.
 35963 | Shoals:1 | Entered Level 1 of the Shoals
 36235 | Shoals:1 | Noticed Josephine
 36244 | Shoals:1 | Killed Josephine
 36688 | Shoals:1 | Received a gift from Trog
 37710 | Shoals:2 | Noticed Jorgrun
 37720 | Shoals:2 | Killed Jorgrun
 37808 | Shoals:2 | You are sucked into a shaft and drop 1 floor!
 37816 | Shoals:3 | Reached skill level 20 in Armour
 37816 | Shoals:3 | Reached XP level 19. HP: 147/179 MP: 4/18
 38134 | Shoals:2 | Identified the +1 leather armour "Huarubuorr" {Fly Str+3}
 38531 | Shoals:3 | Identified the ring of Amorality {rF+ Int+3}
 39162 | Shoals:3 | Reached skill level 15 in Shields
 39398 | Shoals:3 | Found Damod's Merfolk Weapons.
 39398 | Shoals:3 | Found Damod's Visitors' Centre.
 39404 | Shoals:3 | Found Damod's Merfolk Magic.
 39404 | Shoals:3 | Found Damod's Merfolk Armours.
 39499 | Shoals:3 | Bought a scarf of repulsion for 180 gold pieces
 39708 | Shoals:4 | Entered Level 4 of the Shoals
 39734 | Shoals:4 | Received a gift from Trog
 40317 | Shoals:4 | Got a barnacled rune of Zot
 40373 | Shoals:4 | Identified the staff of air "Joem" {Fly rElec rF- Int+9}
 41172 | Shoals:4 | Identified the +12 dagger of the Bedazzling Stork {vamp,
                  | *Corrode Will+ Dex+5 Stlth+}
 41753 | Elf:3    | Identified the +2 broad axe "Asabb" {flame, Dex+2} (Trog
                  | gifted it to you on level 3 of the Elven Halls)
 41753 | Elf:3    | Received a gift from Trog
 41933 | Abyss:3  | Cast into level 3 of the Abyss (a deep elf sorcerer)
 42073 | Abyss:3  | Gained mutation: You sometimes lose your temper in combat.
                  | [a neqoxec]
 42182 | Abyss:3  | Received a gift from Trog
 42187 | Abyss:3  | Reached skill level 21 in Armour
 42230 | Elf:3    | Escaped the Abyss
 42643 | Elf:3    | Reached XP level 20. HP: 160/191 MP: 4/19
 42778 | Elf:3    | Identified the ring "Wonnug" {Fire Str+5 Int+3}
 42887 | Abyss:4  | Cast into level 4 of the Abyss (a deep elf sorcerer)
 43080 | Abyss:4  | Paralysed by accursed screaming for 1 turns
 43096 | Abyss:4  | Found a glowing golden altar of the Shining One.
 43111 | Abyss:4  | Lost intelligence.
 43167 | Abyss:4  | Noticed a juggernaut
 43174 | Abyss:4  | Killed a juggernaut
 43182 | Abyss:4  | Got an abyssal rune of Zot
 43213 | Elf:3    | Escaped the Abyss
 43511 | Elf:3    | Identified the +0 gold dragon scales of Vinty {Contam rElec
                  | rPois rF+ rC+ SInv Stlth+}
 43558 | Elf:3    | Identified the +4 morningstar of the People {freeze, +Blink
                  | rElec rN+++ Will-}
 43558 | Elf:3    | Identified the ring of Xupamoot {AC+4 Int+2}
 43854 | Elf:3    | Paralysed by a deep elf pyromancer for 5 turns
 43993 | Elf:3    | Identified the ring of False Pretenses {rF+ rC+ Str-4
                  | Int+3}
 44688 | Elf:3    | Identified the +1 ring mail "Vomoecouji" {rC+}
 45010 | Vaults:1 | Entered Level 1 of the Vaults
 45327 | Vaults:1 | Acquired the +8 hand crossbow "Xucova" {flame, rPois rC+
                  | Will+}
 46022 | Vaults:1 | Received a gift from Trog
 46031 | Vaults:1 | Paralysed by a yaktaur for 2 turns
 46371 | Vaults:1 | Reached XP level 21. HP: 191/200 MP: 6/20
 47602 | Vaults:2 | Paralysed by a great orb of eyes for 3 turns
 47714 | Vaults:2 | Reached skill level 22 in Armour
 47879 | Vaults:2 | Received a gift from Trog
 48258 | Vaults:2 | Found a portal to a secret trove of treasure.
 48286 | Vaults:2 | You paid a toll of 17 potions of curing to enter a treasure
                  | trove
 48287 | Trove    | Entered a treasure trove
 48717 | Vaults:2 | You are sucked into a shaft and drop 1 floor!
 48734 | Vaults:3 | Received a gift from Trog
 49380 | Vaults:3 | Paralysed by a great orb of eyes for 4 turns
 49900 | Vaults:3 | Paralysed by a sphinx for 4 turns
 49937 | Vaults:3 | Found a staircase to the Crypt.
 49937 | Vaults:3 | Found an ancient bone altar of Kikubaaqudgha.
 49937 | Vaults:3 | Found a basalt altar of Yredelemnul.
 50457 | Vaults:3 | Found Xeiqaabluo's Magic Scroll Emporium.
 50538 | Vaults:4 | Noticed Mara
 50551 | Vaults:4 | Noticed LLlMATKO's illusion
 50569 | Vaults:4 | Killed Mara
 51182 | Vaults:4 | Identified the +1 robe of Iprypt Kaam {Str+2 Dex+7 Stlth-}
 51243 | Vaults:4 | Reached XP level 22. HP: 213/213 MP: 5/21
 51431 | Vaults:4 | Reached skill level 23 in Armour
 51718 | Vaults:4 | Noticed Sojobo
 51726 | Vaults:4 | Paralysed by an air elemental for 1 turns
 51734 | Vaults:4 | Killed Sojobo
 52085 | Vaults:4 | Received a gift from Trog
 52482 | Vaults:4 | HP: 7/213 [ironbound thunderhulk/bolt of lightning (47)]
 53473 | Vaults:2 | Lost mutation: You sometimes lose your temper in combat.
                  | [potion of mutation]
 53473 | Vaults:2 | Lost mutation: You are clumsy. (Dex -2) [potion of
                  | mutation]
 53473 | Vaults:2 | Gained mutation: You are dopey. (Int -2) [potion of
                  | mutation]
 53560 | Vaults:1 | Lost mutation: You are dopey. (Int -2) [potion of mutation]
 53560 | Vaults:1 | Lost mutation: Your body sometimes deteriorates upon taking
                  | damage. [potion of mutation]
 53560 | Vaults:1 | Gained mutation: Armour fits poorly on your strangely
                  | shaped body. [potion of mutation]
 53560 | Vaults:1 | Gained mutation: Your system is resistant to poisons.
                  | (rPois) [potion of mutation]
 53699 | Vaults:5 | Entered Level 5 of the Vaults
 54129 | Vaults:4 | Received a gift from Trog
 54198 | Vaults:5 | Noticed a golden dragon
 54207 | Vaults:4 | Killed a golden dragon
 54265 | Vaults:5 | Reached skill level 24 in Armour
 54333 | Vaults:5 | Paralysed by an ogre mage for 3 turns
 54555 | Vaults:5 | Identified the +1 glaive of Skirmishing {vamp, +Blink rElec
                  | Will- SInv}
 54905 | Vaults:5 | Noticed an ancient lich
 54923 | Vaults:4 | Killed an ancient lich
 54923 | Vaults:4 | Received a gift from Trog
 55115 | Vaults:5 | Reached XP level 23. HP: 204/225 MP: 7/22
 55251 | Vaults:5 | Identified the staff of poison "Riatt" {rPois rN+ Str-2
                  | Dex+4}
 55354 | Vaults:5 | Got a silver rune of Zot
 55654 | Vaults:5 | Identified the +0 chain mail "Jirul" {rPois Regen+ MP-9
                  | Stlth+}
 55733 | Vaults:5 | Identified the ring of Finality {Int+6 Dex+3}
 55734 | Vaults:5 | Identified the ring "Qeic" {MP+9 Str+4}
 55739 | Vaults:5 | Identified the +6 plate armour of Reiwonof {rC+}
 55740 | Vaults:5 | Identified the staff of fire "Efoib" {rPois rF+ Str+4
                  | Int+4}
 55954 | Vaults:5 | Identified the +7 falchion of a Thousand Ghosts {speed,
                  | +Blink MP+9}
 56112 | Vaults:5 | Identified the ring of Vehumet's Supremacy {Ice *Slow MP+9
                  | Str+4}
 56276 | Vaults:5 | Identified the +1 scale mail of Hopscotch {Harm rN+ Will+}
 56280 | Vaults:5 | Identified the ring "Uthiram" {rElec rPois Dex+3}
 57474 | Temple   | Entered the Ecumenical Temple
 58206 | Crypt:1  | Entered Level 1 of the Crypt
 58848 | Crypt:1  | Received a gift from Trog
 59966 | Crypt:2  | Reached skill level 25 in Armour
 60143 | Crypt:2  | Received a gift from Trog
 60241 | Crypt:2  | Noticed Bai Suzhen
 60251 | Crypt:2  | Killed Bai Suzhen
 60649 | Crypt:3  | Entered Level 3 of the Crypt
 60650 | Crypt:3  | Acquired a manual of Maces & Flails
 61067 | Crypt:3  | Noticed a curse toe
 62057 | Crypt:3  | Identified the amulet "Xuntef" {Regen+ Dex+3}
 62062 | Crypt:3  | Noticed a curse toe
 62065 | Crypt:3  | Killed a curse toe
 62071 | Crypt:3  | Killed a curse toe
 62099 | Crypt:3  | Noticed a dread lich
 62436 | Crypt:3  | Received a gift from Trog
 62676 | Crypt:3  | Found a staircase to the Tomb.
 62918 | Crypt:3  | Identified the +1 sling of Havoc {freeze, Int+2 SInv}
 62985 | Crypt:3  | Killed a dread lich
 63129 | Crypt:3  | Identified the ring of Ehawner {rN+ Int+3}
 63129 | Crypt:3  | Identified the ring of Echoeset {rN+ Int+2 Dex+5}
 63296 | Tomb:1   | Entered Level 1 of the Tomb of the Ancients
 63639 | Tomb:1   | Paralysed by a sphinx for 2 turns
 63950 | Tomb:1   | Noticed a royal mummy
 63971 | Tomb:1   | Killed a royal mummy
 65110 | Tomb:1   | Noticed a royal mummy
 65124 | Tomb:1   | Killed a royal mummy
 65125 | Tomb:1   | Reached XP level 24. HP: 130/231 MP: 11/22
 65578 | Tomb:1   | Reached skill level 26 in Armour
 66886 | Depths:1 | Entered Level 1 of the Depths
 66960 | Depths:1 | Paralysed by a floating eye for 3 turns
 66966 | Depths:1 | Paralysed by a floating eye for 3 turns
 66977 | Depths:1 | Paralysed by a floating eye for 2 turns
 66985 | Depths:1 | Paralysed by a floating eye for 2 turns
 66988 | Depths:1 | Paralysed by a floating eye for 2 turns
 67028 | Depths:1 | Found a one-way gateway to a ziggurat.
 67028 | Depths:1 | Noticed a dread lich
 67028 | Depths:1 | Noticed a dread lich
 67105 | Depths:1 | Paralysed by a dread lich for 2 turns
 67110 | Depths:1 | Paralysed by a dread lich for 4 turns
 67116 | Depths:1 | Killed a dread lich
 67122 | Depths:1 | Killed a dread lich
 67123 | Depths:1 | Found a gateway to Hell.
 67140 | Depths:1 | Found a magical portal.
 67167 | WizLab   | Entered The Hall of the Hellbinder
 67643 | WizLab   | Identified the +0 lajatang of Abuse {vamp, rN+}
 67643 | WizLab   | Noticed Jahext
 67655 | WizLab   | Killed Jahext the Hellbinder
 67656 | WizLab   | Found a burning altar of Makhleb.
 67778 | WizLab   | Identified the ring of Bycuitz {rPois rC+ Slay+3}
 67792 | WizLab   | Identified the +1 great sword "Ukeh" {spect, rElec rF++ rC-
                  | Int+3}
 67903 | Depths:1 | Found a one-way gate to the infinite horrors of the Abyss.
 68014 | Depths:1 | Found Kyh Jyo's Armour Boutique.
 68016 | Depths:1 | Found Veprucog's Antique Armour Shop.
 68018 | Depths:1 | Found Qirghephi's Weapon Boutique.
 68730 | Depths:2 | Identified the +3 hand axe of Wableon {heavy, rCorr} (Trog
                  | gifted it to you on level 2 of the Depths)
 68730 | Depths:2 | Received a gift from Trog
 68946 | Depths:2 | Identified the -1 hat "Daprakid" {Rampage rN+ Dex+3}
 68969 | Depths:2 | Found a radiant altar of Vehumet.
 69323 | Depths:2 | You are sucked into a shaft and drop 2 floors!
 69323 | Depths:4 | Entered Level 4 of the Depths
 69528 | Depths:2 | Identified the ring "Mulum" {rElec Int+6}
 69540 | Depths:2 | Reached XP level 25. HP: 194/250 MP: 17/22
 69680 | Depths:1 | Identified the staff of earth "Iptuiner" {Will- Int-5 Dex+8
                  | SInv}
 69719 | Depths:2 | Reached skill level 27 in Armour
 69908 | Depths:2 | Found a one-way gate leading to the halls of Pandemonium.
 69967 | Depths:3 | Received a gift from Trog
 70283 | Depths:3 | Found Kodi's Magic Scroll Boutique.
 70515 | Depths:3 | Identified the +6 executioner's axe "Das Tiuk" {antimagic,
                  | rF++ rN+} (Trog gifted it to you on level 3 of the Depths)
 70515 | Depths:3 | Received a gift from Trog
 70515 | Depths:3 | Paralysed by a floating eye for 2 turns
 70881 | Depths:3 | Found a glowing golden altar of the Shining One.
 71114 | Depths:3 | Noticed a juggernaut
 71120 | Depths:3 | Killed a juggernaut
 71247 | Depths:3 | Identified the staff of fire "Yrphap" {rF+ rN+++ rCorr
                  | Str+3 Stlth-}
 71837 | Depths:4 | Gained mutation: Your body sometimes deteriorates upon
                  | taking damage. [a cacodemon]
 71843 | Depths:4 | Gained mutation: You are clumsy. (Dex -2) [a cacodemon]
 72313 | Depths:4 | Found a gate to the Realm of Zot.
 72648 | Hell     | Entered the Vestibule of Hell
 72649 | Hell     | Noticed Geryon
 72970 | Hell     | Killed Geryon
 73012 | Hell     | Received a gift from Trog
 73570 | Hell     | Found a gateway to the Iron City of Dis.
 73610 | Hell     | Found a gateway to the freezing wastes of Cocytus.
 73738 | Hell     | Found a gateway to the decaying netherworld of Tartarus.
 73848 | Hell     | Reached XP level 26. HP: 225/264 MP: 19/22
 73949 | Hell     | Found a gateway to the ashen valley of Gehenna.
 74689 | Slime:1  | Entered Level 1 of the Pits of Slime
 74902 | Slime:1  | Gained mutation: You are very clumsy. (Dex -4) [a shining
                  | eye]
 74903 | Slime:1  | Gained mutation: You occasionally lose the ability to read
                  | scrolls when taking damage. [a shining eye]
 74914 | Slime:1  | Gained mutation: You are partially covered in iridescent
                  | scales. (AC +2) [a shining eye]
 74916 | Slime:1  | Gained mutation: You are vulnerable to heat. (rF-) [a
                  | shining eye]
 75459 | Orc:2    | Lost mutation: Your body sometimes deteriorates upon taking
                  | damage. [potion of mutation]
 75459 | Orc:2    | Lost mutation: You are very clumsy. (Dex -4) [potion of
                  | mutation]
 75459 | Orc:2    | Lost mutation: You are partially covered in iridescent
                  | scales. (AC +2) [potion of mutation]
 75459 | Orc:2    | Gained mutation: Your spells are a little easier to cast,
                  | but a little less powerful. [potion of mutation]
 75459 | Orc:2    | Lost mutation: Your spells are a little easier to cast, but
                  | a little less powerful. [potion of mutation]
 75461 | Orc:2    | Lost mutation: Your system is resistant to poisons. (rPois)
                  | [potion of mutation]
 75461 | Orc:2    | Lost mutation: You occasionally lose the ability to read
                  | scrolls when taking damage. [potion of mutation]
 75461 | Orc:2    | Lost mutation: Armour fits poorly on your strangely shaped
                  | body. [potion of mutation]
 75461 | Orc:2    | Gained mutation: You are frail. (-10% HP) [potion of
                  | mutation]
 75461 | Orc:2    | Gained mutation: Your magical capacity is low. (-10% MP)
                  | [potion of mutation]
 75461 | Orc:2    | Gained mutation: You are weak. (Str -2) [potion of
                  | mutation]
 75461 | Orc:2    | Gained mutation: You have sharp toenails. [potion of
                  | mutation]
 75462 | Orc:2    | Lost mutation: You are frail. (-10% HP) [potion of
                  | mutation]
 75462 | Orc:2    | Lost mutation: You are vulnerable to heat. (rF-) [potion of
                  | mutation]
 75462 | Orc:2    | Gained mutation: You are very clumsy. (Dex -4) [potion of
                  | mutation]
 75462 | Orc:2    | Gained mutation: Your flesh is heat resistant. (rF+)
                  | [potion of mutation]
 75462 | Orc:2    | Gained mutation: Your flesh is cold resistant. (rC+)
                  | [potion of mutation]
 75775 | Zot:1    | Entered Level 1 of the Realm of Zot
 75913 | Zot:1    | Received a gift from Trog
 75986 | Zot:1    | Noticed Vv
 76001 | Zot:1    | Killed Vv
 76079 | Zot:1    | Found the +4 dragonskin cloak
 76079 | Zot:1    | Noticed Tiamat
 76090 | Zot:1    | HP: 7/396 [Tiamat/+1 glaive of venom (14)]
 76090 | Zot:1    | HP: 1/396 [red draconian/+0 dire flail[Tiamat] (6)]
 76091 | Zot:1    | Succumbed to Tiamat's poison

Illustrated notes

Levels and vault maps discovered:
D:1:      matt_arrival_refuge, layout_rooms, minmay_misc_feat_secret_circle
D:2:      minmay_diamond_boxcup, layout_loops_ring,
          hellmonk_ecumenical_altar_leap_of_faith
D:3:      layout_rooms, kennysheep_orc_sif_temple
D:4:      layout_basic, nicolae_ossuary_entry_false_entrances
D:5:      layout_layer_cave, ebering_ghost_sewer_f, st_stairs_2,
          kennysheep_generic_room_7
D:6:      layout_basic, uniq_blork_the_orc, uniq_grinder
D:7:      layout_rooms, minmay_temple_entry_glassed_door, uniq_maggie,
          uniq_pikel, uniq_crazy_yiuf_cottage
D:8:      layout_cave_pools, nicolae_qazlal_eye_of_the_storm, serial_park,
          serial_park_gazebo [serial_park_minivault_5x5_6], serial_park_square1
          [serial_park_minivault_5x5_8], serial_park_square1
          [serial_park_minivault_5x5_1], serial_park_tiny_1,
          nicolae_shop_i_like_big_books
D:9:      layout_irregular_city, mainiacjoe_overflow_tiny_flanked,
          nicolae_dithmenos_shadow_blocks, serial_bayou, serial_bayou_pond_a,
          serial_bayou_lagoon_b, serial_bayou_lake_a, serial_bayou_pond_a,
          corexii_checkpoint_a
D:10:     layout_basic
D:11:     layout_stronghold, lair_entry_dummy, minmay_mirror_moons_of_madness
D:12:     layout_loops_ring, kennysheep_orc_monster_closet_entryway
D:13:     layout_big_octagon
D:14:     layout_loops_ring, ximxim_vaults_locker_room, serial_park_fountain
D:15:     gammafunk_depths_entry_grave, layout_basic, hex_intersection,
          kennysheep_two_boxes
Temple:   regret_index_temple_mists
Lair:1:   layout_regular_city, hangedman_lair_unloving_vines, roderic_batcave,
          minivault_11, uniq_fannar, uniq_gastronok
Lair:2:   layout_regular_city, elwin_shoals_entry_rocks, gauntlet_entry_generic,
          uniq_nergalle
Lair:3:   layout_roguey [special_room_bee], minmay_snake_entry_guardpost_small,
          serial_bayou_shore_b
Lair:4:   layout_cave_pods, nicolae_slime_entry_slimehenge,
          chequers_serial_rivers_room_b
Lair:5:   grunt_lair_end_beastmaster, layout_cave_pods,
          chequers_serial_rivers_micro_c, serial_bayou_pond_e, uniq_urug
Shoals:1: layout_shoals, nicolae_shoals_shepherds, uniq_josephine
Shoals:2: layout_shoals, uniq_jorgrun
Shoals:3: nicolae_shoals_mermall, layout_shoals, st_cyclops
Shoals:4: shoals_end_simple, layout_shoals
Snake:1:  nicolae_snakescales, layout_cave_pods, uniq_kirke
Snake:2:  layout_onion_interference
Snake:3:  layout_misc_corridors, serial_shops, shop
Snake:4:  grunt_snake_rune_spirals, layout_onion
Slime:1:  layout_caves, nicolae_slime_getting_an_eyeful
Orc:1:    layout_caves, serial_shops, nicolae_shop_window_shopping,
          kennysheep_orc_chapel
Orc:2:    st_orc_ogre_mass, layout_caves, minmay_orc_temple_b
Elf:1:    eino_elf_arrival_altar, layout_geoelf_diagonals,
          hangedman_elf_disciples, grunt_ministairs_12
Elf:2:    nicolae_elf_blades_crystal_corner, layout_geoelf_grid,
          grunt_ministairs_15
Elf:3:    minmay_elf_hall_furrowed, layout_geoelf_grid, serial_shops,
          nicolae_shop_trees, uniq_roxanne
Vaults:1: v_pattern_1, v_misc_11, grunt_vaults_funnel,
          nicolae_vaults_door_testing_chamber, nicolae_vaults_diamond_1,
          nicolae_vaults_library_corner, nicolae_vaults_turnstiles,
          nicolae_vaults_more_shelving_1, nicolae_vaults_little_squares_3,
          nicolae_vaults_little_squares_1, layout_vaults_big_room
Vaults:2: nicolae_vaults_wine_cellar, vaults_room_door_hall,
          grunt_vaults_diagonal, nicolae_vaults_border_crossing,
          grunt_vaults_hallway_long, nicolae_vaults_trapezoid_lopsided_4,
          nicolae_vaults_hallways_thing, nicolae_vaults_house_3,
          nicolae_vaults_big_ls, nicolae_vaults_closet_pinwheel_3, v_pattern_2,
          nicolae_vaults_prndl, nicolae_vaults_tetromino_Z_1,
          nicolae_vaults_tetromino_T_2, layout_vaults_maze_bifur,
          nicolae_trove_entry_free_sample
Vaults:3: v_misc_12, minmay_crypt_entry_necro_gods, vaults_room_guarded_vault,
          vaults_room_pool, nicolae_vaults_meiosis, v_misc_13,
          nicolae_vaults_tetromino_L_2, nicolae_vaults_puzzle_piece,
          vaults_room_corners, nicolae_vaults_yaktaur_gun_rack,
          nicolae_vaults_ninety_degrees, nicolae_vaults_hexular_roomagon,
          vaults_room_ringed_pool, layout_vaults_omnibox, serial_shops,
          nicolae_shop_rolled_up
Vaults:4: nicolae_vaults_tetromino_Z_1, v_misc_9,
          nicolae_vaults_closet_pinwheel_6, ontoclasm_vaults_decontamination,
          v_pattern_3, nicolae_vaults_double_plus_1,
          nicolae_vaults_layer_cake_slice, nicolae_vaults_hexular_roomagon,
          nicolae_vaults_surprise_closet, layout_vaults_omnigrid, uniq_sojobo,
          uniq_mara
Vaults:5
Crypt:1:  layout_basic
Crypt:2:  layout_chaotic_city, grunt_megastairs_2, uniq_bai_suzhen
Crypt:3:  david_glass_crypt, layout_gridlike, tomb_entry_sphere_bobbens
Tomb:1
Depths:1: layout_long_grid, enter_ziggurat_d, infiniplex_enter_wizlab_glasses,
          hellmonk_bongcloud_opening, abyss_entry_crystal, hell_entry,
          onia_ninara_cookie, serial_bayou_shore_b, firewood_loft,
          grunt_megastairs_4, minmay_shop_star
Depths:2: minmay_the_grid_triangle_9x9_rhombus_thin
          [minmay_the_grid_triangle_9x9_cache,
          minmay_the_grid_triangle_9x9_prize_schism,
          minmay_the_grid_triangle_9x9_limited_checkers,
          minmay_the_grid_triangle_9x9_steps], layout_twisted_cross,
          minmay_misc_feat_five, rand_demon_pan_entry_9,
          pf_vacation_house_of_asmodeus, grunt_tower_of_power
Depths:3: evilmike_diamond_1, layout_gridlike, serial_glass, glass_columns_b,
          glass_columns_b, glass_columns_b, glass_columns_b, serial_shops,
          nicolae_square_shop, hell_entry, abyss_entry, rand_demon_pan_entry_7,
          hex_tiny, tso_altar
Depths:4: grunt_twist_and_shout, layout_long_grid, hangedman_abyss_entry_splay,
          pf_hell_entry_tar_river, rand_demon_pan_entry_8,
          chequers_serial_rivers_micro_d
Hell
Zot:1:    layout_gridlike, uniq_tiamat, uniq_vv

Skill      XL: |  1  2  3  4  5  6  7  8  9 10 11 12 13 14 15 16 17 18 19 20 21 22 23 24 25 26 |
---------------+-------------------------------------------------------------------------------+-----
Fighting       | 4 5 6 8 9 10 12 13 14 15 16 17 18 19 21 22 24 25 26 | 26.8
Axes           | 4 5 6 7 9 10 12 13 14 15 16 17 18 19 20 21 22 23 24 25 | 25.0
Armour         | 3 4 5 6 7 9 10 11 13 14 15 16 18 20 21 22 24 25 26 27 | 27.0
Dodging        | 3 4 5 6 8 9 10 12 13 14 15 16 17 18 19 20 22 24 26 | 26.7
Shields        | 4 6 9 11 12 13 14 15 17 19 21 22 23 24 25 | 25.1
Ranged Weapons | 10 15 16 18 19 20 21 22 | 22.0

Action                     |  1- 3 |  4- 6 |  7- 9 | 10-12 | 13-15 | 16-18 | 19-21 | 22-24 | 25-27 || total
---------------------------+-------+-------+-------+-------+-------+-------+-------+-------+-------++-------
  Melee: Hand axe          |    66 |   122 |   122 |       |    70 |       |       |       |       ||   380
         Headbutt          |    11 |    24 |    46 |    83 |   185 |   166 |   241 |   268 |   155 ||  1179
         Punch             |       |     1 |     2 |       |       |       |       |       |       ||     3
         Battleaxe         |       |       |   108 |   361 |    30 |       |       |       |       ||   499
         Whip              |       |       |       |    15 |       |       |       |       |       ||    15
         Broad axe         |       |       |       |       |   713 |   847 |   960 |   929 |   502 ||  3951
   Fire: Sling             |       |       |       |       |    54 |   669 |   449 |   127 |       ||  1299
         Hand crossbow     |       |       |       |       |       |       |    36 |   269 |    24 ||   329
  Throw: Dart              |       |       |       |     5 |     3 |     3 |     1 |     4 |       ||    16
         Throwing net      |       |       |       |       |       |       |       |       |     1 ||     1
 Invoke: Berserk           |       |     4 |     6 |    13 |    17 |    10 |    10 |    24 |     7 ||    91
         Trog's Hand       |       |       |       |     1 |     9 |    15 |    10 |    16 |     7 ||    58
         Brothers in Arms  |       |       |       |       |     6 |     3 |    10 |     6 |     1 ||    26
  Evoke: Wand              |       |       |       |       |       |       |       |     3 |       ||     3
    Use: Scroll            |       |     5 |       |       |    24 |     4 |     5 |     4 |     1 ||    43
         Potion            |       |       |       |       |       |       |       |     3 |     3 ||     6
   Stab: Sleeping          |     1 |       |       |       |       |       |       |       |       ||     1
         Distracted        |       |       |       |       |       |       |       |     1 |       ||     1
 Armour: Animal skin       |     4 |       |       |       |       |       |       |       |       ||     4
         Chain mail        |    32 |    60 |    36 |       |       |       |       |       |       ||   128
         Plate armour      |       |       |   103 |    80 |   157 |       |       |       |       ||   340
         Swamp dragon scal |       |       |    12 |   107 |       |       |       |       |       ||   119
         Crystal plate arm |       |       |       |       |   328 |   752 |   609 |   550 |   206 ||  2445
         Gold dragon scale |       |       |       |       |       |       |       |       |    39 ||    39
  Dodge: Dodged            |    39 |    42 |   131 |   329 |   273 |   348 |   380 |   487 |   299 ||  2328
         Repelled          |       |       |       |       |       |       |    13 |     4 |     9 ||    26
  Block: Tower shield      |       |       |       |       |   618 |  1148 |  1031 |  1185 |   616 ||  4598
         Kite shield       |       |       |       |       |    57 |       |       |       |       ||    57
         Reflection        |       |       |       |       |       |       |    80 |    57 |     6 ||   143
